 Dungeon Crawl Stone Soup version 0.30.1-11-g7821555f0a (webtiles) character file.

Game seed: 12712814506470356244

58 Buffagor the Slasher (level 4, 0/34 (42) HPs)
             Began as a Naga Fighter on Jan 13, 2024.
             Slain by a wight
             ... wielding a +0 hand axe
              (4 damage)
             ... on level 6 of the Dungeon.
             The game lasted 00:04:28 (1941 turns).

Buffagor the Slasher (Naga Fighter)                 Turns: 1941, Time: 00:04:28

HP:   0/34 (42)     AC:  4    Str: 18    XL:     4   Next: 1%
MP:   4/4           EV:  7    Int:  8    God:
Gold: 166           SH:  4    Dex: 13    Spells: 3/3 levels left

rFire   . . .        a - +0 long sword
rCold   . . .        c - +0 buckler
rNeg    . . .        b - +0 scale mail
rPois   +            (no helmet)
rElec   .            (no cloak)
rCorr   .            (no gloves)
SInv    +            (no barding)
Will    .....        (no amulet) Stlth
                     (no ring)
HPRegen 0.25/turn    (no ring)
MPRegen 0.09/turn

%: no passive effects
@: mighty, heavily drained, very slow
A: AC +1, large, see invisible, deformed body, poison resistance, slowness 2,
spit poison 1, naga tail 1
a: Spit Poison


You were on level 6 of the Dungeon.
You visited 1 branch of the dungeon, and saw 4 of its levels.

You collected 166 gold pieces.

Inventory:

Hand Weapons
 a - a +0 long sword (weapon)
 f - a +0 sling
Armour
 b - a +0 scale mail (worn)
 c - a +0 buckler (worn)
 h - a +0 helmet
 k - a +0 pair of gloves
Scrolls
 e - a scroll of vulnerability {unknown}
 i - a scroll of enchant armour {unknown}
 j - 2 scrolls of identify {unknown}
 m - a scroll of blinking {unknown}
 o - a scroll of poison {unknown}
Potions
 g - a potion of lignification {unknown}
 l - a potion of curing {unknown}
 n - a potion of berserk rage {unknown}


   Skills:
 - Level 3.0 Fighting
 + Level 4.1 Long Blades
 - Level 2.4 Armour
 - Level 2.6 Shields


You had 3 spell levels left.
You didn't know any spells.
Your spell library contained the following spells:

 Spells                   Type           Power      Damage    Failure   Level
 Apportation              Tloc           0%         N/A       87%         1
 Necrotise                Necr           0%         1d4       87%         1
 Summon Small Mammal      Summ           0%         N/A       87%         1
 Vhi's Electric Charge    Tloc/Air       0%         N/A       99%         3
 Arcjolt                  Conj/Air       0%         1d10      100%        5
 Plasma Beam              Fire/Air       0%         2x1d11    100%        6


Dungeon Overview and Level Annotations

Branches:
Dungeon (3/15)

Altars:

Shops:
D:1 =   D:6 !(


Innate Abilities, Weirdness & Mutations

Your serpentine skin is tough. (AC +1)
You have supernaturally acute eyesight. (SInv)
Armour fits poorly on your strangely shaped body.
Your system is resistant to poisons. (rPois)
You cover ground very slowly.
You can spit poison.
You have a snake-like lower body.


Message History

You have got your breath back.
Found 5 stones.
You see here 5 stones.
You now have 166 gold pieces (gained 4).
Found a leather armour.
Found a stone staircase leading down.
There is a stone staircase leading down here.
Found 5 stones.
You open the door.
A sourceless malevolence fills the Dungeon...
You fall into a shaft and drop 3 floors!
The shaft crumbles and collapses.
Found a scroll labelled RET SYVVIUHIAN and 6 stones.
Found Waydouci's Distillery. 2 wights come into view.
Found Ceusizou's Antique Weapon Emporium.
You see here a scroll labelled RET SYVVIUHIAN.
Unknown command.
Unknown command.
Unknown command.
j - 2 scrolls labelled RET SYVVIUHIAN (gained 1)
You feel very mighty all of a sudden.
A wight comes into view. It is wielding a +4 halberd.
A wight comes into view. It is wielding a +0 halberd.
The wight hits you with a +0 hand axe.
You feel drained. The wight hits you with a +0 hand axe!
The wight hits you with a +2 war axe!
You feel drained.
You see here 6 stones.
A wight comes into view. It is wielding a +0 flail.
Found a flail.
You block the wight's attack. The wight hits you with a +0 hand axe.
You feel drained.
The wight hits you from afar with a +4 halberd!
* * * LOW HITPOINT WARNING * * *
You feel drained.
* * * LOW HITPOINT WARNING * * *
You slash the wight!
The wight is heavily damaged.
The wight barely misses you. You block the wight's attack.
The wight hits you with a +0 hand axe.
You die...

#.)........
#..z.......
#........≈≈
#........≈∩
#........≈≈
#z.z......#
#.........#
#..@z.....#
####..(z......
#.............
#.........#...
#.........# ##
#.........#
###########


You could see 5 wights.

Vanquished Creatures
  An adder (D:3)
  A worm (D:2)
  4 endoplasms
  A giant cockroach (D:3)
  5 goblins
  5 hobgoblins
  5 jackals (D:1)
  2 quokkas
  4 ball pythons
  5 bats
  2 frilled lizards
  2 kobolds
  7 rats
44 creatures vanquished.

Notes
Turn   | Place    | Note
-------+----------+-------------------------------------------
     0 | D:1      | Buffagor the Naga Fighter began the quest for the Orb.
     0 | D:1      | Reached XP level 1. HP: 21/21 MP: 1/1
    26 | D:1      | Found Danopori's Jewellery Boutique.
   156 | D:1      | Reached XP level 2. HP: 21/28 MP: 2/2
   407 | D:1      | Reached skill level 3 in Long Blades
   627 | D:1      | Reached XP level 3. HP: 34/34 MP: 3/3
  1740 | D:3      | Reached skill level 4 in Long Blades
  1766 | D:3      | Reached XP level 4. HP: 29/42 MP: 4/4
  1934 | D:3      | You fall into a shaft and drop 3 floors!
  1934 | D:6      | Found Waydouci's Distillery.
  1935 | D:6      | Found Ceusizou's Antique Weapon Emporium.
  1941 | D:6      | Slain by a wight

Illustrated notes

Levels and vault maps discovered:
D:1:      dpeg_arrival_rooms_a, layout_loops_corners, serial_shops,
          nicolae_shop_trees, minmay_heptomino_h4
D:2:      layout_loops_ring
D:3:      layout_loops_corners, serial_undead, serial_undead_d, serial_undead_e,
          serial_undead_f, serial_undead_a, glass_columns_a, st_stairs_7,
          uniq_terence
D:6:      layout_basic, chequers_temple_overflow_statue_of_worship,
          serial_shops, kennysheep_little_box, shop,
          nicolae_shop_tiny_waterfront, nicolae_shop_rolling_square, shop,
          sigmund_edmund_badplayer, uniq_eustachio

Skill      XL: |  1  2  3 |
---------------+----------+-----
Long Blades    | 3 4 |  4.1
Fighting       | |  3.0
Armour         | |  2.4
Shields        | |  2.6

Action                     |  1- 3 |  4- 6 || total
---------------------------+-------+-------++-------
  Melee: Long sword        |    92 |     1 ||    93
Ability: Spit Poison       |    31 |     1 ||    32
    Use: Potion            |       |     1 ||     1
 Armour: Scale mail        |    38 |       ||    38
  Dodge: Dodged            |    28 |     1 ||    29
  Block: Buckler           |    20 |     2 ||    22
